 Dungeon Crawl Stone Soup version 0.18-a0-1805-g8ab820f (webtiles) character file.

221 barb4r1an the Insei (level 5, -2/41 HPs)
             Began as a Draconian Transmuter on Apr 26, 2016.
             Killed by nerve-wracking pain
             ... invoked by Foomius's ghost
              (11 damage)
             ... on level 4 of the Dungeon.
             The game lasted 00:09:25 (3179 turns).

barb4r1an the Insei (Draconian Transmuter)          Turns: 3179, Time: 00:09:25

Health: -2/41      AC:  8    Str: 12    XL:     5   Next: 65%
Magic:  10/18      EV: 13    Int: 14    God:
Gold:   171        SH:  0    Dex: 12    Spells: 3 memorised, 3 levels left

rFire  . . .     SeeInvis .       - Unarmed
rCold  . . .     Gourm    .     (armour unavailable)
rNeg   . . .     Faith    .     (no shield)
rPois  .         Spirit   .     w - +1 hat
rElec  .         Dismiss  .     B - +0 cloak
rCorr  .         Reflect  .     l - +0 pair of gloves
SustAt +         Harm     .     (boots currently unavailable)
MR     .....                    (no amulet)
Stlth  +.........               h - ring of sustain attributes
                                v - ring of magical power

@: appendage (expiring), very slightly contaminated, not resistant to hostile
enchantments, very unstealthy
A: unfitting armour, talons 3, cold-blooded, AC +5
a: End Transformation


You were on level 4 of the Dungeon.
You were not hungry.
You had grown temporary talons.
You visited 1 branch of the dungeon, and saw 4 of its levels.

You collected 171 gold pieces.

Inventory:

Missiles
 a - 8 arrows
Armour
 l - a +0 pair of gloves (worn)
 w - a +1 hat (worn)
 B - a +0 cloak (worn)
Jewellery
 h - a ring of sustain attributes (right hand)
 r - an uncursed ring of resist corrosion
 v - a ring of magical power (left hand)
 z - an uncursed ring of stealth
Scrolls
 e - 2 scrolls of remove curse
 f - 5 scrolls of teleportation
 g - 4 scrolls of amnesia
 i - a scroll of noise {unknown}
 j - a scroll of fog {unknown}
 m - a scroll of magic mapping {unknown}
 t - a scroll of random uselessness {unknown}
 y - a scroll of blinking {unknown}
Potions
 d - a potion of haste {unknown}
 k - 3 potions of cancellation
 n - a potion of beneficial mutation {unknown}
 p - 2 potions of might
 q - 2 potions of ambrosia
 s - a potion of curing {unknown}
 u - a potion of brilliance {unknown}
 x - 2 potions of degeneration {unknown}
 A - a potion of resistance {unknown}
Books
 b - a book of Changes

   Spells                             Type                      Level
   a - Beastly Appendage              Transmutation                1
   b - Sticks to Snakes               Transmutation                2
   c - Spider Form                    Transmutation/Poison         3
   d - Ice Form                       Ice/Transmutation            4
   e - Blade Hands                    Transmutation                5
Comestibles
 c - 5 bread rations
 o - a meat ration


   Skills:
 - Level 1.9 Fighting
 + Level 2.8 Dodging
 - Level 0.2 Stealth
 + Level 4.1 Unarmed Combat
 + Level 3.0 Spellcasting
 * Level 3.1 Transmutations
 + Level 1.2 Ice Magic


You had 3 spell levels left.
You knew the following spells:

 Your Spells              Type           Power        Failure   Level  Hunger
a - Beastly Appendage     Trmt           ##....       10%         1    #......
b - Sticks to Snakes      Trmt           ##......     12%         2    ##.....
c - Ice Form              Ice/Trmt       #.......     89%         4    #####..


Dungeon Overview and Level Annotations

Branches:
Dungeon (4/15)
 Temple: D:4-7

Altars:
Elyvilon
Kikubaaqudgha
Pakellas
Qazlal

Annotations:
D:4 Foomius's ghost, amateur DsNe


Innate Abilities, Weirdness & Mutations

Your plain brown scales are hard (AC +5).
Your body does not fit into most forms of armour.
You are cold-blooded and may be slowed by cold attacks.
You have claws for feet.


Message History

Foomius's ghost completely misses your ball python.
You punch Foomius's ghost! Your kick misses Foomius's ghost.
Foomius's ghost is heavily damaged.
Your ball python barely misses Foomius's ghost.
Foomius's ghost closely misses you.
You hit Foomius's ghost. You tail-slap Foomius's ghost.
Foomius's ghost is heavily damaged.
Your ball python barely misses Foomius's ghost.
You hit Foomius's ghost.
Foomius's ghost is severely damaged.
Your ball python closely misses Foomius's ghost.
Foomius's ghost casts a spell at you. Pain shoots through your body!
* * * LOW HITPOINT WARNING * * *
You hit Foomius's ghost. Your kick misses Foomius's ghost.
Foomius's ghost is severely damaged.
Your ball python completely misses Foomius's ghost.
Foomius's ghost casts a spell at you. Pain shoots through your body!
You die...

#.# #.# #.# #.#
#.# #.# ###.# #.#
#.# ..#.###.# #.#
#.#.....# #.#
#.####..# #.# #.#
#..#### #.# #.#
#......
#@#####.####..####
#SW<(.........#
#######.####..#
#.# #.# #### #.#
#.# ##8## # #.#
#(##8...8 ..#
##.##..... ####
#.# ##..#_.....
...###.#
#...##.....


You could see Foomius's ghost and a friendly ball python.

Vanquished Creatures
  A giant frog zombie (D:3)
  A centaur skeleton (D:4)
  A howler monkey skeleton (D:4)
  5 adders
  An ooze (D:2)
  2 dart slugs (D:2)
  4 giant geckos
  An orc (D:3)
  2 giant cockroaches
  5 goblins
  10 hobgoblins
  2 jackals (D:3)
  5 kobolds
  3 quokkas
  7 bats
  3 giant newts
  A jackal skeleton (D:4)
  4 rats
58 creatures vanquished.

Vanquished Creatures (collateral kills)
  A giant frog (D:2)
1 creature vanquished.

Vanquished Creatures (others)
  A hippogriff (D:2)
1 creature vanquished.

Grand Total: 60 creatures vanquished

Notes
Turn   | Place    | Note
--------------------------------------------------------------
     0 | D:1      | barb4r1an the Draconian Transmuter began the quest for the Orb.
     0 | D:1      | Reached XP level 1. HP: 16/16 MP: 3/3
   133 | D:1      | Reached XP level 2. HP: 12/23 MP: 5/5
   290 | D:1      | Learned a level 2 spell: Sticks to Snakes
   812 | D:2      | Reached XP level 3. HP: 28/28 MP: 6/6
   855 | D:2      | Found a faded altar to an unknown god.
   899 | D:2      | Found a stormy altar of Qazlal.
  1250 | D:2      | Found an oddly glowing altar of Pakellas.
  1250 | D:2      | Noticed an orange crystal statue
  1251 | D:2      | Noticed a hippogriff
  1267 | D:2      | Killed a hippogriff
  1643 | D:3      | Reached XP level 4. HP: 33/36 MP: 5/7
  1651 | D:3      | Learned a level 4 spell: Ice Form
  1911 | D:3      | Found a white marble altar of Elyvilon.
  1974 | D:3      | Noticed a giant frog
  2017 | D:2      | Killed a giant frog
  2279 | D:2      | Reached XP level 5. HP: 30/41 MP: 9/9
  2425 | D:3      | Reached skill level 4 in Unarmed Combat
  2425 | D:3      | Reached skill level 1 in Ice Magic
  2586 | D:4      | Found an ancient bone altar of Kikubaaqudgha.
  2718 | D:4      | Noticed a phantom
  2818 | D:4      | HP: 2/41 [poisoned by an adder]
  2825 | D:4      | HP: 1/41 [poisoned by an adder]
  3156 | D:4      | Noticed Foomius's ghost (amateur DsNe)
  3179 | D:4      | Killed from afar by Foomius's ghost

Vault maps used:
D:1:      lightli_arrival_lavapool, corexii_item_surrounded_by_moat,
          st_stairs_12
D:2:      gammafunk_pakellas_statue_experiment, overflow_temple_1_default,
          ecumenical_altar_2
D:3:      overflow_temple_1_default
D:4:      nicolae_overflow_hidden_temple

Skill      XL: |  1  2  3  4  5 |
---------------+----------------+-----
Dodging        | 2 |  2.8
Unarmed Combat | 4 |  4.1
Ice Magic      | 1 |  1.2
Transmutations | 3 |  3.1
Spellcasting   | 3 |  3.0
Fighting       | |  1.9
Stealth        | |  0.2

Action                   |  1- 3 |  4- 6 || total
-------------------------+-------+-------++-------
Melee: Unarmed           |   130 |   147 ||   277
       Tailslap          |    12 |    15 ||    27
       Headbutt          |     1 |       ||     1
       Kick              |     4 |     9 ||    13
       Punch             |     1 |     3 ||     4
Throw: Javelin           |     5 |       ||     5
 Cast: Beastly Appendage |     7 |     6 ||    13
       Sticks to Snakes  |       |    16 ||    16
  Use: Scroll            |       |     6 ||     6
 Stab: Sleeping          |     1 |     2 ||     3
  Eat: Chunk             |     2 |     4 ||     6
       Meat ration       |       |     1 ||     1
Armor: Skin              |    33 |    93 ||   126
Dodge: Dodged            |   100 |   129 ||   229
